 Dungeon Crawl Stone Soup version 0.26-a0-259-g1effd001a9 (webtiles) character file.

Game seed: 10834937023981175559

235 Klosterheim the Poker (level 5, 0/41 HPs)
             Began as a Demonspawn Warper on July 28, 2020.
             Slain by Grinder (6 damage)
             ... while paralysed by Grinder
             ... on level 3 of the Dungeon.
             The game lasted 00:07:26 (3686 turns).

Klosterheim the Poker (Demonspawn Warper)           Turns: 3686, Time: 00:07:26

Health: 0/41       AC:  6    Str: 13    XL:     5   Next: 76%
Magic:  8/8        EV:  2    Int: 16    God:
Gold:   111        SH:  0    Dex: 12    Spells: 6/8 levels left

rFire    . . .     SeeInvis .   c - +0 trident
rCold    . . .     Faith    .   (no shield)
rNeg     . . .     Spirit   .   b - +1 leather armour
rPois    .         Reflect  .   (no helmet)
rElec    .         Harm     .   (no cloak)
rCorr    .         Clarity  +   (no gloves)
MR       .....                  (no boots)
Stlth    +.........             (no amulet)
HPRegen  0.13/turn              (no ring)
MPRegen  0.11/turn              (no ring)

@: paralysed
A: talons 1, icy blue scales 1, clarity, strong 1
a: no special abilities


You were on level 3 of the Dungeon.
You were very hungry.

You visited 1 branch of the dungeon, and saw 3 of its levels.

You collected 111 gold pieces.

Inventory:

Hand Weapons
 c - a +0 trident (weapon)
Armour
 b - a +1 leather armour (worn)
Potions
 h - a potion of curing


   Skills:
 - Level 3.0 Fighting
 + Level 3.4 Polearms
 + Level 2.9 Throwing
 - Level 2.0 Armour
 - Level 2.0 Dodging
 - Level 2.0 Spellcasting
 - Level 3.0 Translocations


You had 6 spell levels left.
You knew the following spells:

 Your Spells              Type           Power        Failure   Level
a - Blink                 Tloc           N/A          12%         2

Your spell library contained the following spells:

 Spells                   Type           Power        Failure   Level
 Shroud of Golubria       Chrm/Tloc      #.....       22%         2
 Gell's Gravitas          Tloc           ##........   22%         3
 Lesser Beckoning         Tloc           ##........   22%         3
 Teleport Other           Tloc           ##......     22%         3
 Passage of Golubria      Tloc           N/A          58%         4


Dungeon Overview and Level Annotations

Branches:
Dungeon (3/15)

Altars:

Annotations:
D:3 Grinder


Innate Abilities, Weirdness & Mutations

You have sharp toenails.
You are partially covered in icy blue scales. (AC +2)
You possess an exceptional clarity of mind.
Your muscles are strong. (Str +2)


Message History

You shrug off the repeated paralysis!
You closely miss Grinder. Your kick misses Grinder.
Grinder is heavily wounded.
Grinder says, "Just stop there for a second..."
Grinder hits you.
* * * LOW HITPOINT WARNING * * *
You writhe in agony.
* * * LOW HITPOINT WARNING * * *
You hit Grinder.
Grinder is heavily wounded.
Grinder hits you but does no damage.
You hit Grinder. Your kick misses Grinder.
Grinder is severely wounded.
Grinder closely misses you.
You hit Grinder. You claw Grinder, but do no damage.
Grinder is almost dead.
Grinder gestures at you.
You suddenly lose the ability to move!
Grinder hits you.
You die...

#####.# .(.#.#
##.#.############.#.#######
.......................5..
#!>........g.....5....a...
#..... ....#####.#........
#....###... .#.#########
#....#.#.#####.#.#
#....#..5@)<)..#.#
#....#.#.#.#####.#
#........#.....#)#
##.#.#(#######.#.#
#.$#.#........ #.# ##
#.#.##..... #.# #.#.# ##.$
#.# #.#.# #.# #.#.# #.#


You could see Grinder.

Vanquished Creatures
  An orc priest (D:2)
  2 worker ants (D:3)
  2 gnolls (D:2)
  4 adders
  An ooze (D:2)
  2 worms (D:2)
  2 dart slugs (D:1)
  3 leopard geckos (D:2)
  8 orcs
  A ball python (D:3)
  4 giant cockroaches
  6 goblins
  8 hobgoblins
  6 jackals (D:1)
  A quokka (D:2)
  9 bats
  3 frilled lizards
  4 kobolds (D:1)
  14 rats
81 creatures vanquished.

Notes
Turn   | Place    | Note
-------+----------+-------------------------------------------
     0 | D:1      | Klosterheim the Demonspawn Warper began the quest for the
                  | Orb.
     0 | D:1      | Reached XP level 1. HP: 16/16 MP: 3/3
    43 | D:1      | Reached skill level 1 in Throwing
    43 | D:1      | Reached skill level 1 in Armour
   489 | D:1      | Gained mutation: You are partially covered in icy blue
                  | scales. (AC +2) [demonic ancestry]
   489 | D:1      | Reached XP level 2. HP: 22/22 MP: 5/5
   653 | D:1      | Learned a level 2 spell: Blink
   895 | D:1      | Reached XP level 3. HP: 28/28 MP: 6/6
  1564 | D:2      | Gained mutation: You have sharp toenails. [demonic
                  | ancestry]
  1564 | D:2      | Reached XP level 4. HP: 10/34 MP: 7/7
  1582 | D:2      | HP: 2/51 [poisoned by an adder]
  1587 | D:2      | HP: 2/51 [poisoned by an adder]
  2890 | D:2      | Reached XP level 5. HP: 17/41 MP: 8/8
  3463 | D:3      | Noticed Grinder
  3474 | D:3      | Paralysed by Grinder for 6 turns
  3653 | D:3      | Gained mutation: Your muscles are strong. (Str +2) [potion
                  | of mutation]
  3653 | D:3      | Gained mutation: You possess an exceptional clarity of
                  | mind. [potion of mutation]
  3674 | D:3      | Paralysed by Grinder for 5 turns
  3685 | D:3      | Paralysed by Grinder for 3 turns
  3686 | D:3      | Slain by Grinder

Illustrated notes

Levels and vault maps discovered:
D:1:      minmay_arrival_hallway, layout_basic, palyth_stone_intersect
D:2:      layout_basic, corexii_item_surrounded_by_moat
D:3:      layout_basic, nicolae_ru_the_path_less_chosen, uniq_ijyb,
          uniq_sigmund, uniq_grinder

Skill      XL: |  1  2  3  4  5 |
---------------+----------------+-----
Throwing       | 1 2 |  2.9
Armour         | 1 2 |  2.0
Polearms       | 2 3 |  3.4
Dodging        | 2 |  2.0
Translocations | 3 |  3.0
Fighting       | 3 |  3.0
Spellcasting   | |  2.0

Action                   |  1- 3 |  4- 6 || total
-------------------------+-------+-------++-------
Melee: Spear             |   167 |    52 ||   219
       Trident           |       |    98 ||    98
       Kick              |       |    27 ||    27
Throw: Boomerang         |       |     5 ||     5
 Cast: Blink             |       |     2 ||     2
  Use: Potion            |     2 |     3 ||     5
       Scroll            |       |     7 ||     7
 Stab: Distracted        |     1 |       ||     1
  Eat: Ration            |     1 |     1 ||     2
Armor: Leather armour    |    51 |    44 ||    95
       Skin              |     3 |     1 ||     4
Dodge: Dodged            |    84 |   127 ||   211

Table legend:
 A = Non-vault XP
 B = Vault XP
 C = Vault XP percentage of total XP
 D = Non-vault monster count
 E = Vault monster count
 F = Vault count percentage of total count
                 A         B        C        D         E       F
            +---------+---------+-------+---------+---------+-------
      Total |     336 |       0 |   0.0 |      81 |       0 |   0.0
            +---------+---------+-------+---------+---------+-------
        D:1 |      51 |       0 |   0.0 |      29 |       0 |   0.0
        D:2 |     177 |       0 |   0.0 |      42 |       0 |   0.0
        D:3 |     108 |       0 |   0.0 |      10 |       0 |   0.0
            +---------+---------+-------+---------+---------+-------
